 Dungeon Sprint DCSS version 0.17-a0-1554-g3b847ca (webtiles) character file.

3 nuthulu the Ruffian (level 1, 0/18 HPs)
             Began as a Naga Transmuter on July 19, 2015.
             Was a Follower of Cheibriados.
             Slain by a river rat (6 damage)
             ... in the Dungeon (Sprint VII: "The Pits").
             The game lasted 00:00:37 (164 turns).

nuthulu the Ruffian (Naga Transmuter)                Turns: 164, Time: 00:00:37

Health: 0/18       AC:  1    Str: 15    XL:     1   Next: 50%
Magic:  2/3        EV: 10    Int: 16    God:    Cheibriados [*.....]
Gold:   0          SH:  0    Dex: 14    Spells: 1 memorised, 3 levels left

rFire  . . .     SeeInvis +       - Unarmed
rCold  . . .     Clarity  .     b - +0 robe
rNeg   . . .     SustAt   .     (no shield)
rPois  +         Gourm    .     (no helmet)
rElec  .         Spirit   .     (no cloak)
rCorr  .         Warding  .     (no gloves)
rMut   .         NoTele   +     (no barding)
MR     .....                    (no amulet)
Stlth  +.........               (no ring)
                                (no ring)

@: appendage, very slow, not resistant to hostile enchantments, very unstealthy
A: horns 2, see invisible, deformed body, poison resistance, slowness 2, slow
metabolism 1, spit poison 2, AC +0
a: Spit Poison, End Transformation, Bend Time, Renounce Religion


You were in the Dungeon.
You worshipped Cheibriados.
Cheibriados was aware of your devotion.
You were not hungry.
You had grown temporary horns.
You visited 1 branch

Inventory:

Missiles
 a - 12 arrows
Armour
 b - a +0 robe (worn)
Scrolls
 j - a scroll of blinking
 n - 3 scrolls of remove curse
 o - 5 scrolls of amnesia
 p - a scroll of summoning
Potions
 e - a potion of curing
 g - a potion of haste
 h - 4 potions of magic
 i - 3 potions of berserk rage
 m - 2 potions of invisibility
Books
 c - a book of Changes

   Spells                             Type                      Level
   a - Beastly Appendage              Transmutation                1
   b - Sticks to Snakes               Transmutation                2
   c - Spider Form                    Transmutation/Poison         3
   d - Ice Form                       Ice/Transmutation            4
   e - Blade Hands                    Transmutation                5
Comestibles
 d - 8 bread rations
 k - 40 fruits
 l - 7 meat rations
 q - 2 chunks of flesh


   Skills:
 + Level 1.5 Fighting
 + Level 2.0 Dodging
 + Level 3.1 Unarmed Combat
 + Level 2.3 Spellcasting
 + Level 2.3 Transmutations


You had 3 spell levels left.
You knew the following spells:

 Your Spells              Type           Power        Failure   Level  Hunger
a - Beastly Appendage     Trmt           #.....       10%         1    #......


Dungeon Overview and Level Annotations

Branches:
Dungeon (1/1)

Altars:
Ashenzari
Cheibriados
Dithmenos
Elyvilon
Fedhas
Kikubaaqudgha
Makhleb
Nemelex Xobeh
Okawaru
Ru
Sif Muna
Trog
Vehumet
Xom
Yredelemnul
Zin
The Shining One
Beogh
Jiyva
Lugonu


Innate Abilities, Weirdness & Mutations

You cannot wear boots.
Your serpentine skin is tough (AC +0).
You have supernaturally acute eyesight.
Armour fits poorly on your strangely shaped body.
Your system is resistant to poisons.
You cover ground very slowly.
You have a slow metabolism.
You can spit poison.
You have a pair of horns on your head.


Message History

You kill the rat!
Cheibriados thoroughly appreciates the change of pace.
Cheibriados slows and strengthens your metabolism.
Cheibriados raises the support of your attributes as your movement slows. x2
The river rat bites you.
* * * LOW HITPOINT WARNING * * *
Drink which item? (? for menu, Esc to quit)
You feel much better. The river rat closely misses you.
You hit the river rat but do no damage. You closely miss the river rat.
The river rat closely misses you.
You hit the river rat but do no damage. Your headbutt misses the river rat.
The river rat bites you.
You closely miss the river rat.
You headbutt the river rat, but do no damage.
Your horns disappear.
The river rat bites you!
Casting: Beastly Appendage
Confirm with . or Enter, or press ? or * to list all spells.
You grow a pair of large bovine horns.
The river rat bites you.
You die...

#.#####'##############++
# #)))'.'..##...........
#)))#.#?(##......#..#
#######'#####..........
#...........'...........
#+#####'#####......#..#.
#.....##...........
#####'#####'#####+
#....@##.......#
#...r.##.......#
###+####.......#
#...<...# #.......#
#.......# #.......#
#########


You could see a river rat.

Vanquished Creatures
  2 giant cockroaches (D)
  A goblin (D)
  A rat (D)
4 creatures vanquished.

Notes
Turn   | Place    | Note
--------------------------------------------------------------
     0 | D        | nuthulu the Naga Transmuter began the quest for the Orb.
     0 | D        | Reached XP level 1. HP: 18/18 MP: 3/3
    38 | D        | Found a sacrificial altar of Ru.
    38 | D        | Found a basalt altar of Yredelemnul.
    38 | D        | Found a glowing golden altar of the Shining One.
    38 | D        | Found a deep blue altar of Sif Muna.
    38 | D        | Found a burning altar of Makhleb.
    38 | D        | Found an ancient bone altar of Kikubaaqudgha.
    38 | D        | Found a glowing silver altar of Zin.
    39 | D        | Found a shadowy altar of Dithmenos.
    39 | D        | Found a bloodstained altar of Trog.
    39 | D        | Found a shattered altar of Ashenzari.
    39 | D        | Found a white marble altar of Elyvilon.
    39 | D        | Found a snail-covered altar of Cheibriados.
    39 | D        | Found a blossoming altar of Fedhas.
    39 | D        | Found a radiant altar of Vehumet.
    39 | D        | Found a shimmering altar of Xom.
    39 | D        | Found a sparkling altar of Nemelex Xobeh.
    39 | D        | Found a corrupted altar of Lugonu.
    39 | D        | Found a viscous altar of Jiyva.
    39 | D        | Found a roughly hewn altar of Beogh.
    39 | D        | Found an iron altar of Okawaru.
    45 | D        | Became a worshipper of Cheibriados the Contemplative
   158 | D        | Acquired Cheibriados's first power
   164 | D        | Slain by a river rat

Vault maps used:
D:        pitsprint

Action                   || total
-------------------------++-------
Melee: Unarmed           ||    18
 Cast: Beastly Appendage ||     5
  Use: Potion            ||     1
